 Dungeon Crawl Stone Soup version 0.29.1-15-g9cfb28693d (webtiles) character file.

Game seed: 4309321815602565372

242 CatalinOSBI the Grave Robber (level 5, -3/28 HPs)
             Began as a Deep Elf Necromancer on Mar 29, 2023.
             Killed by nerve-wracking pain
             ... invoked by Menkaure
              (14 damage)
             ... on level 4 of the Dungeon.
             The game lasted 00:24:04 (3808 turns).

CatalinOSBI the Grave Robber (Deep Elf Necromancer) Turns: 3808, Time: 00:24:05

Health: -3/28      AC:  3    Str:  5    XL:     5   Next: 82%
Magic:  14/14      EV: 12    Int: 22    God:
Gold:   146        SH:  0    Dex: 15    Spells: 6/14 levels left

rFire   . . .      SeeInvis .   j - +3 short sword (speed)
rCold   . . .      Faith    .   (no shield)
rNeg    . . .      Spirit   .   a - +0 robe
rPois   .          Reflect  .   q - +0 helmet
rElec   .          Harm     .   (no cloak)
rCorr   .          Rampage  .   (no gloves)
Will    .....                   (no boots)
Stlth   ++........              (no amulet)
HPRegen 0.09/turn               e - +4 ring of slaying
MPRegen 0.14/turn               (no ring)

@: no status effects
A: no striking features
a: no special abilities


You were on level 4 of the Dungeon.
You visited 1 branch of the dungeon, and saw 4 of its levels.

You collected 146 gold pieces.

Inventory:

Hand Weapons
 f - a +2 spear of flaming
 i - a +0 club
 j - a +3 short sword of speed (weapon)
Missiles
 n - 3 boomerangs of dispersal
Armour
 a - a +0 robe (worn)
 q - a +0 helmet (worn)
Jewellery
 e - a +4 ring of slaying (left hand)
Wands
 v - a wand of paralysis (9)
Scrolls
 g - a scroll of amnesia
 k - a scroll of butterflies
 l - a scroll of poison
 m - a scroll of magic mapping {unknown}
 p - 2 scrolls of enchant armour
 r - 2 scrolls of fear
 s - a scroll of enchant weapon
 u - a scroll of identify
 w - a scroll of torment {unknown}
Potions
 b - a potion of magic
 c - a potion of brilliance
 d - 2 potions of might
 h - a potion of haste {unknown}
 o - a potion of attraction
 t - 2 potions of curing


   Skills:
 + Level 1.6 Short Blades
 - Level 2.6 Dodging
 - Level 2.7 Stealth
 * Level 5.2 Spellcasting
 * Level 7.0 Necromancy


You had 6 spell levels left.
You knew the following spells:

 Your Spells              Type           Power      Damage    Failure   Level
a - Necrotise             Necr           100%       1d9       1%          1
b - Vampiric Draining     Necr           36%        2d8       1%          3
c - Animate Dead          Necr           36%        N/A       5%          4

Your spell library contained the following spells:

 Spells                   Type           Power      Damage    Failure   Level
 Ensorcelled Hibernation  Hex/Ice        10%        N/A       16%         2
 Agony                    Necr           36%        N/A       16%         5
 Anguish                  Hex/Necr       10%        N/A       24%         4
 Ozocubu's Armour         Ice            5%         N/A       30%         3
 Spider Form              Tmut/Pois      5%         N/A       30%         3
 Summon Forest            Summ/Tloc      2%         N/A       95%         5
 Eringya's Noxious Bog    Tmut/Pois      2%         N/A       100%        6
 Ozocubu's Refrigeration  Ice            2%         4d8       100%        7
 Summon Hydra             Summ           2%         N/A       100%        7


Dungeon Overview and Level Annotations

Branches:
Dungeon (4/15)
 Temple: D:4-7

Altars:
Zin

Shops:
D:2 (

Annotations:
D:4 Menkaure


Message History

You start resting.
Magic restored.
You swap places.
You swap places.
You swap places.
You swap places.
A quokka comes into view.
Found a runed war axe.
The helpless quokka fails to defend itself.
You puncture the quokka!
You kill the quokka!
You see here a +2 war axe of flaming.
Found a stone staircase leading down.
w - a scroll labelled LAEPLO NOJUSCH You open the door.
There is an open door here.
Menkaure, Prince of Dust comes into view.
Press: ? - help, v - describe, . - travel
Here: Menkaure (dormant)
The floor.
Menkaure shouts!
Menkaure gestures at you while chanting.
You struggle to resist.
You see here a wand of flame (6).
You swap places.
Ijyb hits Menkaure but does no damage.
Menkaure mumbles some strange words.
Menkaure seems to speed up.
Menkaure barely misses Ijyb.
Ijyb hits Menkaure but does no damage.
Menkaure calls on the powers of darkness!
Your body is wracked with pain!
Something barely misses Ijyb.
Ijyb hits Menkaure.
You start resting.
Ijyb hits Menkaure.
Menkaure points at you and mumbles some strange words.
Pain shoots through your body! Menkaure casts a spell at you.
Pain shoots through your body!
Ouch! That really hurt!
You die...

........#.......#
........#..####.#
.......M#..# #.### ......
........#..####.#.# .....
##+##..............####
.....
#..##.####..###........
.....###..##....M..#
#..#.#### ...............#.#
#..#....#
....#..##.@.....###.......#
# #..#..##............####.#
#.#<.#....<###.#####).## #.#
#.....[....###.........###.#
+..(...........#.###........
######.#.......#.# #...###.#
#.#.........# #.......#
#.##.###....# #....)..#
..##.....<..# #.....#.#


You could see Menkaure (fast).

Vanquished Creatures
  2 gnoll boudas (D:3)
  Ijyb (D:4)
  7 gnolls
  2 adders
  2 dart slugs
  4 ball pythons
  7 endoplasms
  4 giant cockroaches
  3 goblins
  8 hobgoblins
  5 quokkas
  3 bats
  3 frilled lizards
  7 kobolds
  4 rats
62 creatures vanquished.

Vanquished Creatures (collateral kills)
  An adder (D:2)
1 creature vanquished.

Vanquished Creatures (others)
  19 plants (D:3)
19 creatures vanquished.

Grand Total: 82 creatures vanquished

Notes
Turn   | Place    | Note
-------+----------+-------------------------------------------
     0 | D:1      | CatalinOSBI the Deep Elf Necromancer began the quest for
                  | the Orb.
     0 | D:1      | Reached XP level 1. HP: 10/10 MP: 6/6
   147 | D:1      | Found a faded altar of an unknown god.
   167 | D:1      | Reached skill level 5 in Necromancy
   167 | D:1      | Reached XP level 2. HP: 15/15 MP: 5/8
   510 | D:1      | Reached XP level 3. HP: 19/19 MP: 4/9
  1031 | D:2      | Found Umnuguc's Antique Weapon Shop.
  1091 | D:2      | Reached skill level 6 in Necromancy
  1118 | D:2      | Learned a level 3 spell: Vampiric Draining
  1454 | D:2      | Reached XP level 4. HP: 24/24 MP: 6/11
  2213 | D:3      | Reached skill level 1 in Short Blades
  2222 | D:3      | Reached XP level 5. HP: 26/28 MP: 3/13
  3182 | D:3      | Reached skill level 5 in Spellcasting
  3407 | D:3      | Found a glowing silver altar of Zin.
  3631 | D:4      | Noticed Ijyb
  3637 | D:4      | Learned a level 4 spell: Animate Dead
  3640 | D:4      | Killed Ijyb
  3641 | D:4      | Reached skill level 7 in Necromancy
  3784 | D:4      | Noticed Menkaure
  3808 | D:4      | Killed from afar by Menkaure

Illustrated notes

Levels and vault maps discovered:
D:1:      lightli_arrival_isolated_outpost, layout_basic,
          hellmonk_ecumenical_altar_leap_of_faith
D:2:      layout_basic, serial_shops, nicolae_shop_hallway_plus, st_stairs_4,
          minmay_misc_feat_five
D:3:      layout_basic, zin_treasury, nicolae_grassy_gnolls
D:4:      layout_basic, minmay_temple_entry_mist, kennysheep_small_square,
          uniq_ijyb, uniq_sigmund, uniq_menkaure

Skill      XL: |  1  2  3  4  5 |
---------------+----------------+-----
Necromancy     | 5 6 7 |  7.0
Spellcasting   | 4 5 |  5.2
Short Blades   | 1 |  1.6
Dodging        | |  2.6
Stealth        | |  2.7

Action                   |  1- 3 |  4- 6 || total
-------------------------+-------+-------++-------
Melee: Short sword       |    14 |   121 ||   135
       Punch             |       |     5 ||     5
 Cast: Necrotise         |    45 |    29 ||    74
       Vampiric Draining |     1 |     6 ||     7
       Animate Dead      |       |     1 ||     1
  Use: Scroll            |     5 |     7 ||    12
       Potion            |       |     1 ||     1
 Stab: Sleeping          |       |     2 ||     2
Armor: Robe              |     2 |     3 ||     5
Dodge: Dodged            |     9 |    17 ||    26
